 Dungeon Crawl Stone Soup version 0.31-a0-441-g867994ef1c (webtiles) character file.

Game seed: 7369021375661270992

31256 Gelion the Mimic (level 13, -1/91 (95) HPs)
             Began as an Octopode Shapeshifter on Aug 3, 2023.
             Was an Initiate of Gozag.
             Slain by a spectral catoblepas (21 damage)
             ... on level 3 of the Lair of Beasts.
             The game lasted 00:42:34 (21052 turns).

Gelion the Mimic (Octopode Shapeshifter)           Turns: 21052, Time: 00:42:35

HP:   -1/91 (95)    AC:  5    Str: 15    XL:     13   Next: 57%
MP:   13/13         EV: 14    Int: 16    God:    Gozag
Gold: 408           SH:  5    Dex: 23    Spells: 12/12 levels left

rFire   + +          .
                       - Unarmed
rCold   + . .        (no shield)
rNeg    + . .        (helmet currently unavailable)
rPois   +            J - amulet of reflection
rElec   +            g - ring of see invisible
rCorr   +            v - +4 ring of protection
SInv    +            u - +6 ring of intelligence
Will    +....        I - ring of resist corrosion
Stlth   +++          x - ring "Okkad" {Wiz *Corrode rElec rF+ rN+}
HPRegen 0.35/turn    D - ring of willpower
MPRegen 0.13/turn    E - +6 ring of dexterity
                     H - ring of poison resistance

%: corrode self (3%), reflection, wizardry (x1)
@: mighty, brilliant, beast-form, resistant, hasted, lightly drained, very quick
A: beast (slay +7), almost no armour, amphibious, 8 rings, camouflage 1,
gelatinous body 1, (nimble swimmer 1), tentacles
a: Begin Untransformation, Renounce Religion, Potion Petition, Call Merchant,
Bribe Branch


You were on level 3 of the Lair of Beasts.
You worshipped Gozag.
Gozag was aware of your devotion.
You were a hulking beast.
You visited 4 branches of the dungeon, and saw 18 of its levels.
You also visited: Sewer and Ossuary.

You collected 5941 gold pieces.
You spent 1898 gold pieces at shops.
You paid 3635 gold pieces to Gozag.

Inventory:

Missiles
 d - 5 javelins
 F - a curare-tipped dart
 O - 3 silver javelins
Jewellery
 g - a ring of see invisible (left tentacle)
 u - a +6 ring of intelligence (on tentacle)
 v - a +4 ring of protection (right tentacle)
 w - a ring of flight
 x - the ring "Okkad" (on tentacle) {Wiz *Corrode rElec rF+ rN+}
   (You bought it in a shop on level 4 of the Dungeon)

   [ring of wizardry]

   It improves your spell success rate.
   rF:        It protects you from fire.
   rElec:     It insulates you from electricity.
   rN:        It protects you from negative energy.
   *Corrode:  It may corrode you when you take damage.
 C - a ring of magical power
 D - a ring of willpower (on tentacle)
 E - a +6 ring of dexterity (on tentacle)
 G - a ring of protection from fire
 H - a ring of poison resistance (on tentacle)
 I - a ring of resist corrosion (on tentacle)
 J - an amulet of reflection (around mantle)
Talismans
 b - a beast talisman (active)
Wands
 j - a wand of acid (26)
 n - a wand of polymorph (13)
 o - a wand of flame (31)
 B - a wand of paralysis (1)
 L - a wand of digging (5)
 P - a wand of iceblast (3)
Scrolls
 a - a scroll of poison
 k - 6 scrolls of teleportation
 m - 2 scrolls of blinking
 p - 2 scrolls of fear
 t - 7 scrolls of revelation
 y - 4 scrolls of enchant armour
 z - a scroll of amnesia
 A - 2 scrolls of fog
 M - 3 scrolls of identify
Potions
 c - 6 potions of enlightenment
 e - a potion of might
 f - 3 potions of attraction
 i - 3 potions of curing
 l - a potion of invisibility
 q - 2 potions of cancellation
 r - 4 potions of lignification
 K - a potion of mutation


   Skills:
 + Level 11.6 Fighting
 - Level 2.0 Dodging
 + Level 11.9 Unarmed Combat
 * Level 13.9 Shapeshifting


You had 12 spell levels left.
You didn't know any spells.
Your spell library contained the following spells:

 Spells                   Type           Power      Damage    Failure   Level
 Apportation              Tloc           0%         N/A       11%         1
 Necrotise                Necr           0%         1d4       11%         1
 Sandblast                Erth           0%         2d4       11%         1
 Summon Small Mammal      Summ           0%         N/A       11%         1
 Blink                    Tloc           0%         N/A       16%         2
 Lesser Beckoning         Tloc           0%         N/A       16%         2
 Momentum Strike          Conj/Tloc      0%         3d8       16%         2
 Passwall                 Tmut/Erth      0%         N/A       16%         2
 Scorch                   Fire           0%         2d5       16%         2
 Stone Arrow              Conj/Erth      0%         3d7       28%         3
 Vampiric Draining        Necr           0%         2d6       28%         3
 Flame Wave               Conj/Fire      0%         2d4       65%         4
 Manifold Assault         Tloc           0%         N/A       65%         4
 Agony                    Necr           0%         N/A       93%         5
 Alistair's Intoxication  Tmut/Pois      0%         N/A       93%         5
 Summon Cactus Giant      Summ           0%         N/A       100%        6


Dungeon Overview and Level Annotations

Branches:
Dungeon (12/15)            Temple (1/1) D:7            Lair (3/5) D:11
  Swamp (0/4) Lair:3        Snake (0/4) Lair:2          Orc (2/2) D:11
    Elf (0/3) Orc:2         Sewer (visited)         Ossuary (visited)

Altars:
Ashenzari
Cheibriados
Dithmenos
Elyvilon
Fedhas
Gozag
Hepliaklqana
Kikubaaqudgha
Makhleb
Nemelex Xobeh
Okawaru
Qazlal
Ru
Sif Muna
Trog
Uskayaw
Vehumet
Wu Jian
Xom
Yredelemnul
Zin
The Shining One

Shops:
D:4 =   D:5 (   D:8 *   D:9 [(   D:11 *   Orc:1 (

Portals:
Trove: D:10 (give +7 demon whip)

Annotations:
D:8 3 runed translucent doors, Pokonic1's ghost, novice GrFi
D:9 2 transporters, Hubris850's ghost, novice HOFi


Innate Abilities, Weirdness & Mutations

You are a hulking beast.
Your limbs bulge with bestial killing power. (Slay +7)
You cannot wear most types of armour.
You are amphibious.
You can wear up to eight rings at the same time.
Your skin changes colour to match your surroundings (Stealth+).
Your rubbery body absorbs attacks. (AC +1, EV +1)
((You are camouflaged when in or above water. (Stealth+)))
You have tentacles for arms and can constrict up to eight enemies at once.


Message History

The spectral five-headed hydra is severely damaged.
The spectral five-headed hydra misses you.
The spectral five-headed hydra bites you.
You partially resist.
You feel drained.
The spectral five-headed hydra bites you! x2
You partially resist.
You feel drained.
The spectral five-headed hydra bites you!
* * * LOW HITPOINT WARNING * * *
You bludgeon the spectral five-headed hydra!
You squeeze the spectral five-headed hydra!
The spectral five-headed hydra is almost destroyed.
The spectral five-headed hydra bites you.
* * * LOW HITPOINT WARNING * * *
You partially resist.
You feel drained.
You block the spectral five-headed hydra's attack.
The spectral five-headed hydra misses you.
You block the spectral five-headed hydra's attack.
The spectral five-headed hydra bites you!
* * * LOW HITPOINT WARNING * * *
You tentacle-slap the spectral five-headed hydra.
You squeeze the spectral five-headed hydra.
You destroy the spectral five-headed hydra! [a] - 644 gold - haste, resistance, might and brilliance [b] - 280 gold - haste and brilliance [c] - 810 gold - lignification, might, resistance and haste Purchase which effect?
You feel yourself speed up.
You feel protected.
You feel very mighty all of a sudden.
You feel clever all of a sudden.
The spectral catoblepas gores you but does no damage.
You batter the spectral catoblepas!!
You tentacle-slap the spectral catoblepas!!
The spectral catoblepas is heavily damaged.
You tentacle-slap the spectral catoblepas.
You tentacle-slap the spectral catoblepas!
You squeeze the spectral catoblepas, but do no damage.
The spectral catoblepas is severely damaged.
The spectral catoblepas gores you!!
You die...
Your body crumbles into a pile of gold.

#,**,,,,,........#...##.....##.#.
*,,,*****,#......#...#.#...####..
,,*,* ***#.<....#.......## #.#
*,*** ##............#.# ##.# ,,,*
#...............## #..# ,,,**
##......###.##...# ##.# **^,*
###.#### ###.#.## #.# *,,,*
#...### ##..P# #.. *,,,*
♣***##.h.)# ###...####.# **,**
**♣..**♣♣♣Z####..........# #***
**,.....♣♣♣.###...#.##.#..# #
****,~,♣...~....##..#####.#..#
###*,,,,,*♣♣♣...$..##...# #..##.P
..#*>,,,,**♣.......P##..###.....#
###****,,,♣........###..#.##....#
# ***....~♣♣♣♣###...[.....### ###
*♣♣♣♣♣♣♣#♣.###..#P....#


You could see a spectral catoblepas.

Vanquished Creatures
  An orc warlord (Orc:1)
  A hydra (Lair:3)
  2 catoblepae
  2 two-headed ogres
  2 boulder beetles
  An orc high priest (Orc:1)
  A skyshark (Lair:2)
  A spectral hydra (Lair:3)
  Pikel (D:8)
  An oklob plant (D:11)
  An orc knight (Orc:1)
  A manticore (D:11)
  11 elephants
  A black mamba (Lair:3)
  8 cane toads
  A gargoyle (D:11)
  A rime drake (Lair:2)
  Maggie (D:6)
  A komodo dragon (Lair:2)
  A spectral skyshark (Lair:3)
  A polar bear (Lair:2)
  3 trolls
  3 blink frogs (Lair:2)
  A spectral black mamba (Lair:3)
  3 wraiths
  A shadow (D:10)
  33 yaks
  2 wyverns
  A basilisk (Lair:3)
  6 vampire mosquitoes (D:11)
  3 steam dragons
  2 wargs (Orc:1)
  2 acid dragons
  3 nagas (Lair:2)
  10 water moccasins
  10 orc warriors
  4 black bears
  A hornet zombie (D:8)
  3 sky beasts
  3 ogres
  4 centaurs
  A phantom (D:5)
  3 lemures (D:8)
  A kobold brigand (D:10)
  5 elf zombies (Ossuary)
  3 bullfrogs
  A wyvern zombie (D:8)
  2 necrophages (D:8)
  3 scorpions
  5 wights (D:6)
  5 killer bees
  3 electric eels (D:7)
  2 howler monkeys
  2 centaur zombies
  2 human zombies (Ossuary)
  3 jellies
  8 orc priests
  A gnoll bouda (D:7)
  4 hounds
  Ijyb (D:3)
  Jessica (D:3)
  An iguana (D:7)
  13 orc wizards
  A sickly merfolk siren (Sewer)
  A malarious merfolk avatar (Sewer)
  3 mummies (Ossuary)
  Robin (D:2)
  7 river rats
  3 adders
  A shadow imp (D:6)
  2 white imps
  3 ufetubi
  3 adder zombies (Ossuary)
  A worm (D:3)
  3 dart slugs
  45 orcs
  3 bats
  4 endoplasms
  5 giant cockroaches
  3 gnoll zombies (Ossuary)
  26 goblins
  9 hobgoblins
  3 jackals (D:1)
  4 quokkas
  14 ball pythons
  10 frilled lizards
  3 goblin zombies (Ossuary)
  3 hobgoblin zombies (Ossuary)
  2 jackal zombies (Ossuary)
  7 kobolds
  4 kobold zombies (Ossuary)
  2 orc zombies (Ossuary)
  4 quokka zombies (Ossuary)
  26 rats
  4 rat zombies (Ossuary)
419 creatures vanquished.

Vanquished Creatures (others)
  A kobold brigand (D:7)
1 creature vanquished.

Grand Total: 420 creatures vanquished

Notes
Turn   | Place    | Note
-------+----------+-------------------------------------------
     0 | D:1      | Gelion the Octopode Shapeshifter began the quest for the
                  | Orb.
     0 | D:1      | Reached XP level 1. HP: 13/13 MP: 1/1
   114 | D:1      | Reached XP level 2. HP: 17/18 MP: 2/2
   362 | D:1      | Reached XP level 3. HP: 23/23 MP: 3/3
   985 | D:2      | Found a sacrificial altar of Ru.
  1279 | D:2      | Found a faded altar of an unknown god.
  1286 | D:2      | Noticed Robin
  1302 | D:2      | Reached XP level 4. HP: 24/29 MP: 4/4
  1310 | D:2      | Killed Robin
  2005 | D:3      | Noticed Jessica
  2014 | D:3      | Killed Jessica
  2015 | D:3      | Reached skill level 4 in Shapeshifting
  2171 | D:3      | Reached XP level 5. HP: 33/34 MP: 5/5
  2246 | D:3      | Found a glowing drain.
  2258 | Sewer    | Entered a sewer
  2549 | Sewer    | Reached XP level 6. HP: 25/41 MP: 6/6
  2983 | D:3      | Noticed Ijyb
  2993 | D:3      | Killed Ijyb
  3531 | D:3      | Identified a scroll of acquirement
  3531 | D:3      | Acquired 1343 gold pieces
  3645 | D:4      | Found a sand-covered staircase.
  3780 | Ossuary  | Entered an ossuary
  3821 | Ossuary  | Reached skill level 5 in Shapeshifting
  3941 | Ossuary  | Reached XP level 7. HP: 34/46 MP: 7/7
  4130 | Ossuary  | Reached skill level 5 in Unarmed Combat
  4295 | Ossuary  | Reached XP level 8. HP: 53/54 MP: 8/8
  4362 | D:4      | Reached skill level 6 in Shapeshifting
  4587 | D:4      | Found Icver's Jewellery Shop.
  4595 | D:4      | Bought a +6 ring of intelligence for 396 gold pieces
  4595 | D:4      | Bought a +4 ring of protection for 396 gold pieces
  4595 | D:4      | Bought a ring of flight for 192 gold pieces
  4595 | D:4      | Bought the ring "Okkad" {Wiz *Corrode rElec rF+ rN+} for
                  | 545 gold pieces
  4975 | D:5      | Entered Level 5 of the Dungeon
  5394 | D:5      | Found Votas's Weapon Shoppe.
  5409 | D:5      | Reached skill level 5 in Fighting
  5651 | D:5      | Found a basalt altar of Yredelemnul.
  5651 | D:5      | Found a hide-covered altar of Uskayaw.
  5653 | D:5      | Found a stormy altar of Qazlal.
  5653 | D:5      | Found a white marble altar of Elyvilon.
  5939 | D:6      | Noticed Maggie
  5961 | D:6      | Killed Maggie
  5962 | D:6      | Reached skill level 7 in Shapeshifting
  5962 | D:6      | Reached XP level 9. HP: 57/61 MP: 9/9
  6568 | D:6      | Reached skill level 8 in Shapeshifting
  7077 | D:7      | Found a glowing silver altar of Zin.
  7106 | D:7      | Found an iron altar of Okawaru.
  7147 | D:7      | Found a staircase to the Ecumenical Temple.
  7161 | Temple   | Entered the Ecumenical Temple
  7170 | Temple   | Became a worshipper of Gozag Ym Sagoz the Greedy
  7258 | D:7      | Found a shimmering blue altar of Sif Muna.
  7318 | D:7      | Found a hazy altar of Hepliaklqana.
  7603 | D:7      | Reached XP level 10. HP: 63/69 MP: 10/10
  7710 | D:7      | Reached skill level 9 in Shapeshifting
  8129 | D:8      | Noticed Pikel
  8177 | D:8      | Killed Pikel
  8286 | D:8      | Found a bloodstained altar of Trog.
  8328 | D:8      | Acquired 866 gold pieces
  8331 | D:8      | Bought a potion of might for 56 gold pieces
  8331 | D:8      | Bought a scroll of blinking for 105 gold pieces
  8331 | D:8      | Bought a scroll of fear for 56 gold pieces
  8351 | D:8      | Found a runed translucent gate.
  8352 | D:8      | Found a runed translucent gate.
  8353 | D:8      | Found a runed translucent gate.
  8354 | D:8      | Noticed Pokonic1's ghost (novice GrFi)
  8600 | D:8      | Found a blossoming altar of Fedhas.
  9608 | D:9      | Found a transporter.
  9622 | D:9      | Noticed Hubris850's ghost (novice HOFi)
  9630 | D:9      | Found a bloodstained altar of Trog.
  9630 | D:9      | Noticed a moth of wrath
  9630 | D:9      | Noticed a two-headed ogre
  9631 | D:9      | Found a transporter.
  9643 | D:9      | Noticed a two-headed ogre
  9645 | D:9      | Noticed a deep troll
  9699 | D:9      | Reached skill level 10 in Shapeshifting
 10139 | D:9      | Found Wopi's Armour Shop.
 10167 | D:9      | Found Hicin's Weapon Boutique.
 10766 | D:10     | Entered Level 10 of the Dungeon
 11030 | D:10     | Found a shadowy altar of Dithmenos.
 11091 | D:10     | Noticed a two-headed ogre
 11106 | D:10     | Killed a two-headed ogre
 11107 | D:10     | Reached XP level 11. HP: 61/78 MP: 11/11
 11638 | D:10     | Found a glowing golden altar of the Shining One.
 11915 | D:10     | Found a portal to a secret trove of treasure.
 12056 | D:11     | Found a staircase to the Orcish Mines.
 12090 | D:11     | Noticed a two-headed ogre
 12121 | D:11     | Bought a scroll of torment for 152 gold pieces
 12135 | D:11     | Killed a two-headed ogre
 12136 | D:11     | Reached skill level 11 in Shapeshifting
 12282 | D:11     | Noticed a boulder beetle
 12296 | D:11     | Killed a boulder beetle
 12553 | D:11     | Noticed an oklob plant
 12556 | D:11     | Found a staircase to the Lair.
 12574 | D:11     | Killed an oklob plant
 13256 | D:11     | Noticed a manticore
 13269 | D:11     | Killed a manticore
 13270 | D:11     | Reached skill level 10 in Unarmed Combat
 13546 | Lair:1   | Entered Level 1 of the Lair of Beasts
 13648 | Lair:1   | Reached XP level 12. HP: 86/86 MP: 12/12
 13801 | Lair:1   | Noticed a catoblepas
 14795 | Lair:2   | Reached skill level 12 in Shapeshifting
 14850 | Lair:2   | Reached skill level 10 in Fighting
 15098 | Lair:2   | Noticed a boulder beetle
 15118 | Lair:2   | Killed a boulder beetle
 16152 | Lair:2   | Noticed a catoblepas
 16277 | Orc:1    | Entered Level 1 of the Orcish Mines
 16319 | Orc:1    | Noticed an orc warlord
 16414 | Orc:1    | Killed an orc warlord
 16676 | Orc:1    | Noticed an orc high priest
 16684 | Orc:1    | Killed an orc high priest
 16945 | Orc:2    | Entered Level 2 of the Orcish Mines
 16945 | Orc:2    | Noticed a two-headed ogre
 16962 | Orc:2    | Found a staircase to the Elven Halls.
 16975 | Orc:1    | Reached skill level 13 in Shapeshifting
 17460 | Orc:1    | Reached XP level 13. HP: 58/94 MP: 13/13
 17847 | Lair:1   | HP: 3/94 [yak (2)]
 19199 | Lair:2   | Found a staircase to the Snake Pit.
 20169 | Lair:3   | HP: 4/95 [yak (3)]
 21052 | Lair:3   | Slain by a spectral catoblepas

Illustrated notes

Levels and vault maps discovered:
D:1:      matt_arrival_debris, layout_basic
D:2:      layout_loops_ring, shapermc_ecumenical_altar_gd, basic_altar,
          chequers_serial_rivers_small_a, kennysheep_minor_cross, uniq_robin
D:3:      layout_basic, portal_sewer_entry_e, uniq_ijyb, uniq_jessica
D:4:      minmay_door_path, layout_loops_ring,
          nicolae_ossuary_entry_false_entrances, serial_shops,
          nicolae_shop_just_a_little_nook, st_stairs_4
D:5:      layout_gridville, mainiacjoe_overflow_alcove_3, serial_shops, shop
D:6:      layout_loops_cross, grunt_decor_mini_mirrors, kennysheep_potato,
          uniq_maggie
D:7:      cheibrodos_barr_body, layout_basic, lemuel_round_altar,
          mainiacjoe_overflow_six_doors_small, nicolae_overflow_squiral,
          minmay_temple_entry_glass, nrook_pool_corridor
D:8:      minmay_weird_star, layout_basic, trog_ov_bears_minmay,
          fedhas_altar_decomposition, gammafunk_ghost_spectres, uniq_pikel
D:9:      layout_layer_cave, gammafunk_ghost_wrathful_warriors, serial_shops,
          nicolae_shop_window_shopping, shop
D:10:     layout_roguey, mainiacjoe_overflow_tiny_flanked,
          nicolae_tso_carved_into_rock, enter_trove_0, minmay_starry_boxes
D:11:     layout_rooms, dpeg_oklobed_lair, orc_0_dummy
D:12:     layout_rooms, serial_shops, nicolae_shop_tiny_waterfront,
          lightli_minifort
Temple:   nicolae_temple_bog_church
Lair:1:   wander_river, layout_layer_cave
Lair:2:   layout_hall_layers, minmay_snake_entry_guardpost_small,
          serial_bayou_pond_c, grunt_megastairs_2, infiniplex_staircase_pool_2
Lair:3:   layout_loops_ring, nicolae_swamp_entry_spooky
Orc:1:    layout_caves
Orc:2:    grunt_orc_cross, layout_caves, serial_shops, shop

Skill      XL: |  1  2  3  4  5  6  7  8  9 10 11 12 13 |
---------------+----------------------------------------+-----
Fighting       | 2 3 4 5 6 8 9 10 11 | 11.6
Shapeshifting  | 4 5 7 8 10 11 13 | 13.9
Unarmed Combat | 4 5 6 7 8 10 11 | 11.9
Dodging        | |  2.0

Action                     |  1- 3 |  4- 6 |  7- 9 | 10-12 | 13-15 || total
---------------------------+-------+-------+-------+-------+-------++-------
  Melee: Unarmed           |    79 |   198 |   242 |   483 |   165 ||  1167
         Constrict         |    24 |    49 |    58 |    73 |     7 ||   211
         Tentacles         |    11 |    32 |    59 |   147 |    56 ||   305
         Punch             |     2 |    10 |    10 |    45 |    22 ||    89
 Invoke: Call Merchant     |       |       |       |     3 |       ||     3
         Potion Petition   |       |       |       |       |     1 ||     1
  Evoke: Wand              |       |       |       |     1 |     1 ||     2
    Use: Scroll            |     2 |     9 |    10 |     9 |     4 ||    34
         Potion            |       |     1 |     1 |    11 |     5 ||    18
   Stab: Sleeping          |     7 |     8 |    11 |     2 |     3 ||    31
         Invisible         |       |       |     4 |       |     3 ||     7
         Distracted        |       |       |       |     6 |     1 ||     7
         Paralysed         |       |       |       |       |     2 ||     2
 Armour: Skin              |     8 |     6 |    28 |    57 |    30 ||   129
  Dodge: Dodged            |    39 |    94 |   151 |   296 |    97 ||   677
  Block: Other             |       |       |       |       |    11 ||    11

Table legend: (Time is in decaauts)
 A = Elapsed time spent in this place.
 B = Non-inter-level travel time spent in this place.
 C = Inter-level travel time spent in this place.
 D = Time resting spent in this place.
 E = Time spent auto-exploring this place.
 F = Levels seen in this place.
 G = Mean time per level.
                   A        B        C        D        E       F      G
               +--------+--------+--------+--------+--------+-----+--------+
         Total |  20876 |  19712 |   1164 |   2352 |  14063 |  20 | 1043.8 |
       Dungeon |  12751 |  11879 |    872 |    880 |   9197 |  12 | 1062.6 |
        Temple |     18 |      2 |     16 |      0 |      0 |   1 |   18.0 |
          Lair |   5506 |   5300 |    206 |    923 |   3563 |   3 | 1835.3 |
  Orcish Mines |   1440 |   1371 |     69 |    431 |    697 |   2 |  720.0 |
         Sewer |    620 |    620 |      0 |    117 |    256 |   1 |  620.0 |
       Ossuary |    537 |    537 |      0 |      0 |    349 |   1 |  537.0 |
               +--------+--------+--------+--------+--------+-----+--------+

Top non-repeatable levels by time:
  Lair:1: 2188 daAuts
  Lair:2: 2008 daAuts
    D:11: 1792 daAuts
     D:9: 1560 daAuts
    D:10: 1442 daAuts
   Orc:1: 1425 daAuts
  Lair:3: 1309 daAuts
     D:8: 1212 daAuts
     D:6: 1103 daAuts
     D:7: 1055 daAuts
     D:3: 1017 daAuts
     D:1: 970 daAuts
     D:2: 920 daAuts
     D:4: 876 daAuts
     D:5: 796 daAuts
